AoeStats
← Horde

Arabia

506648682Analyzed
1v1 RM · 17d ago on Sep 14, 2026· 47m 6s· 2 players
Game mode
Random Map
Map size
Tiny (2 player)
Population
200
Speed
Normal
Resources
Standard
Victory
Conquest
Starting age
Dark Age
Ending age
Imperial Age
RankedLock teamsTeams togetherTeam positionsShared explorationLock speedFull tech treeHidden civsTurbo modeCheats
Victory
Defeat
🇦🇷 Franks · Argentina
1076
+15
🇲🇳 Portuguese · Mongolia
1055
-15
Horde
7:58 Loom
11:32 Feudal Age
15:50 Castle Age
14:34 Fletching
21:25 Double-Bit Axe
22:05 Fervor
23:53 Crossbowman
25:54 Pikeman
31:59 Murder Holes
32:48 Ballistics
44:22 Imperial Age
44:49 Scale Mail Armor
Martdri
5:36 Loom
10:25 Feudal Age
10:54 Double-Bit Axe
18:15 Wheelbarrow
21:35 Castle Age
21:00 Scale Barding Armor
21:05 Forging
20:47 Gold Mining
23:46 Hand Cart
23:56 Chain Barding Armor
24:03 Husbandry
28:36 Iron Casting
30:13 Hand Cart
40:14 Imperial Age
40:01 Fletching
41:13 Gold Shaft Mining
41:58 Cavalier
46:00 Paladin
48:02 Plate Barding Armor
Connection lost

Rejoining the realm…

Still unreachable

The connection could not be restored.

Session expired

The server has moved on; the page needs a fresh start.